 Dungeon Crawl Stone Soup version 0.19.5 (webtiles) character file.

30 Patwa the Skirmisher (level 3, 0/29 HPs)
             Began as a Demonspawn Abyssal Knight on Mar 2, 2017.
             Was a Follower of Lugonu.
             Slain by a goblin (2 damage)
             ... on level 1 of the Dungeon.
             The game lasted 00:07:08 (1322 turns).

Patwa the Skirmisher (Demonspawn Abyssal Knight)    Turns: 1322, Time: 00:07:08

Health: 0/29       AC:  6    Str: 13      XL:     3   Next: 5%
Magic:  14/14      EV: 10    Int: 11 (13) God:    Lugonu [*.....]
Gold:   50         SH:  0    Dex: 12      Spells: 0 memorised, 2 levels left

rFire  . . .     SeeInvis .     a - +1 spear
rCold  . . .     Gourm    .     j - +0 ring mail
rNeg   . . .     Faith    .     (no shield)
rPois  .         Spirit   .     (no helmet)
rElec  .         Reflect  .     (no cloak)
rCorr  .         Harm     .     k - +0 pair of gloves
MR     .....                    (no boots)
Stlth  +.........               (no amulet)
                                (no ring)
                                d - ring of magical power

@: lethally poisoned (0 -> -2)
A: talons 1
a: Depart the Abyss, Renounce Religion


You were on level 1 of the Dungeon.
You worshipped Lugonu.
Lugonu was aware of your devotion.
You were very hungry.

You visited 1 branch of the dungeon, and saw 2 of its levels.
You visited the Abyss 1 time.

You collected 50 gold pieces.

Inventory:

Hand Weapons
 a - a +1 spear (weapon)
 f - a +0 club
 l - a +0 dagger
 m - a +0 mace
 o - a +0 club
 q - a +0 club
 r - a +0 dagger
 t - a +0 club
 y - a +0 short sword
 z - a +0 club
Missiles
 i - 20 poisoned needles
 n - 55 stones (quivered)
Armour
 b - a +0 leather armour
 j - a +0 ring mail (worn)
 k - a +0 pair of gloves (worn)
 p - a +0 leather armour
 v - a +0 ring mail
Jewellery
 d - a ring of magical power (left hand)
Scrolls
 h - a scroll of enchant weapon {unknown}
 s - a scroll of teleportation {unknown}
 u - a scroll of identify {unknown}
Potions
 e - a potion of ambrosia {unknown}
 x - a potion of curing {unknown}
Comestibles
 c - a bread ration
 g - 2 meat rations
 w - a beef jerky


   Skills:
 + Level 3.6 Fighting
 + Level 1.9 Polearms
 + Level 2.0 Armour
 + Level 1.1 Dodging
 + Level 2.8 Invocations


You had 2 spell levels left.
You didn't know any spells.

Dungeon Overview and Level Annotations

Branches:
Dungeon (2/15)

Altars:


Innate Abilities, Weirdness & Mutations

You have sharp toenails.


Message History

You kill the goblin!
Lugonu accepts your kill. The goblin hits you but does no damage.
The adder bites you. The adder bites you.
You see here a dagger.
You closely miss the adder. You claw the adder, but do no damage.
The adder is heavily wounded.
The adder bites you.
* * * LOW HITPOINT WARNING * * *
The goblin hits you.
* * * LOW HITPOINT WARNING * * *
The adder bites you.
* * * LOW HITPOINT WARNING * * *
You are lethally poisoned!
The adder poisons you!
You barely miss the adder.
The adder is heavily wounded.
* * * LOW HITPOINT WARNING * * *
You feel sick. The goblin hits you.
You die...

....#
#...†...........#
....#
#.####...⌠...⌠..#
....#
#.........#'#...#
....#
#######...#<#...##
...## #...###....#
##.# #..⌠...⌠...#
### #..........#####
#Sg............##
#@#######.##.#..##
#.................
#..#..............
#...##............
#...#.#.....÷....#
#....#.##......##.
###.....##.#....#.##
#.......#.#.#..#.#.#
#........#.##..##.#.


You could see an adder and a goblin.

Vanquished Creatures
  An ooze (D:1)
  2 leopard geckos (D:1)
  3 bats (D:1)
  5 goblins (D:1)
  4 hobgoblins (D:1)
  A frilled lizard (D:1)
  4 kobolds (D:1)
  3 rats (D:1)
23 creatures vanquished.

Notes
Turn   | Place    | Note
-------+----------+-------------------------------------------
     0 | Abyss:1  | Patwa the Demonspawn Abyssal Knight began the quest for the Orb.
     0 | Abyss:1  | Reached XP level 1. HP: 18/18 MP: 2/2
   123 | Abyss:1  | Noticed a small abomination
   137 | Abyss:1  | Noticed a glowing orange brain
   145 | D:1      | Escaped the Abyss
   325 | D:1      | Reached skill level 1 in Dodging
   482 | D:1      | Gained mutation: You have sharp toenails. [demonic ancestry]
   482 | D:1      | Reached XP level 2. HP: 21/24 MP: 3/3
   511 | D:1      | Reached * piety under Lugonu
  1241 | D:1      | Reached XP level 3. HP: 29/29 MP: 5/5
  1322 | D:1      | Slain by a goblin

Skill      XL: |  1  2 |
---------------+-------+-----
Dodging        | 1 |  1.1
Armour         | 2 |  2.0
Fighting       | |  3.6
Polearms       | |  1.9
Invocations    | |  2.8

Action                   || total
-------------------------++-------
Melee: Spear             ||    88
       Kick              ||    16
Throw: Stone             ||     4
Invok: Depart the Abyss  ||     1
Armor: Leather armour    ||    19
       Ring mail         ||    45
Dodge: Dodged            ||    80
